 Dungeon Crawl Stone Soup version 0.27.0-1-g7a089689b8 (webtiles) character file.

Game seed: 7085050587364288779

1214 lnt the Cleaver (level 8, -3/64 HPs)
             Began as a Minotaur Berserker on Aug 11, 2021.
             Was a Priest of Trog.
             Slain by a gnoll sergeant (10 damage)
             ... on level 5 of the Dungeon.
             The game lasted 00:07:57 (5064 turns).

lnt the Cleaver (Minotaur Berserker)                Turns: 5064, Time: 00:07:58

Health: -3/64      AC: 12    Str: 23    XL:     8   Next: 22%
Magic:  7/7        EV: 11    Int:  4    God:    Trog [***...]
Gold:   242        SH:  0    Dex: 11    Spells: 7/7 levels left

rFire    . . .     SeeInvis .   t - +0 war axe
rCold    . . .     Faith    .   (no shield)
rNeg     . . .     Spirit   .   g - +0 ring mail
rPois    .         Reflect  .   (helmet restricted)
rElec    .         Harm     .   (no cloak)
rCorr    .         Rampage  .   h - +2 pair of gloves
Will     ++...                  (no boots)
Stlth    +.........             k - amulet of the acrobat
HPRegen  1.20/turn              q - +4 ring of protection
MPRegen  0.10/turn              (no ring)

@: lethally poisoned (-3 -> -3), strong-willed, on berserk cooldown,
regenerating, slowed, very slow
A: horns 2, retaliatory headbutt
a: Renounce Religion, Berserk, Trog's Hand


You were on level 5 of the Dungeon.
You worshipped Trog.
Trog was most pleased with you.
You visited 1 branch of the dungeon, and saw 5 of its levels.

You collected 242 gold pieces.

Inventory:

Hand Weapons
 a - a +0 hand axe
 t - a +0 war axe (weapon)
Missiles
 e - 137 stones (quivered)
 j - 16 poisoned darts
 n - a throwing net
Armour
 b - a +0 animal skin
 d - a +0 kite shield
 g - a +0 ring mail (worn)
 h - a +2 pair of gloves (worn)
Jewellery
 i - an amulet of magic regeneration
 k - an amulet of the acrobat (around neck)
 q - a +4 ring of protection (left hand)
Wands
 m - a wand of flame (21)
 s - a wand of acid (12)
Scrolls
 o - a scroll of enchant armour {unknown}
 p - a scroll of magic mapping {unknown}
 u - a scroll of identify {unknown}
 v - 3 scrolls of teleportation {unknown}
 x - a scroll of acquirement {unknown}
Potions
 c - a potion of might {unknown}
 f - a potion of attraction {unknown}
 l - a potion of invisibility {unknown}
 r - a potion of magic {unknown}
 w - a potion of mutation {unknown}


   Skills:
 - Level 3.6 Fighting
 + Level 12.0 Axes
 - Level 2.4 Armour
 - Level 2.1 Dodging


You had 7 spell levels left.
You didn't know any spells.
Your spell library was empty.

Dungeon Overview and Level Annotations

Branches:
Dungeon (5/15)             Temple (0/1) D:4

Altars:
Fedhas
Hepliaklqana
Okawaru
Vehumet


Innate Abilities, Weirdness & Mutations

You have a pair of horns on your head.
You reflexively headbutt those who attack you in melee.


Message History

You miss the adder.
The adder is heavily wounded.
The gnoll shouts!
The adder bites you but does no damage.
The gnoll sergeant hits you from afar with a +0 trident.
The adder barely misses you. You furiously retaliate!
You headbutt the adder.
The gnoll sergeant hits you from afar with a +0 trident!
* * * LOW HITPOINT WARNING * * *
You hit the adder but do no damage. Your headbutt misses the adder.
The adder is almost dead.
The adder bites you.
* * * LOW HITPOINT WARNING * * *
You are poisoned.
The adder poisons you!
The gnoll sergeant hits you from afar with a +0 trident.
* * * LOW HITPOINT WARNING * * *
The adder bites you but does no damage.
You slash the adder!
You kill the adder!
Trog accepts your kill.
You feel sick. The gnoll sergeant closely misses you.
A shadow imp comes into view.
Okay, then.
Unknown command.
Okay, then.
Unknown command.
You slash the gnoll!
You kill the gnoll!
Trog accepts your kill.
You feel sick.
The gnoll sergeant hits you but does no damage.
The gnoll sergeant hits you from afar with a +0 trident.
* * * LOW HITPOINT WARNING * * *
The gnoll misses you.
You slash the gnoll!
You kill the gnoll!
Trog accepts your kill.
You feel sick.
The gnoll sergeant hits you from afar with a +0 trident!
You die...

#.#
####.#######.#
#......S.....#
#.##.######..#
#.##.######.
#.##g.......
#.##..#####.
######.##g.#
#......@)g.#
#.##.#.#####
#.##.#...
#.##.#####
#.##.# #.##..
#######.####
#.........##
##..##.#.#..#


You could see a gnoll sergeant and a gnoll.

Vanquished Creatures
  A two-headed ogre (D:5)
  A sky beast (D:3)
  2 ogres (D:5)
  2 hounds
  3 iguanas (D:5)
  5 gnolls
  7 adders
  2 ufetubi (D:4)
  A worm (D:2)
  3 dart slugs
  2 orcs
  7 ball pythons
  6 bats
  8 endoplasms
  A giant cockroach (D:2)
  5 goblins
  5 hobgoblins
  8 jackals
  5 kobolds
  3 quokkas
  5 frilled lizards (D:1)
  5 rats
87 creatures vanquished.

Vanquished Creatures (others)
  2 plants (D:3)
2 creatures vanquished.

Grand Total: 89 creatures vanquished

Notes
Turn   | Place    | Note
-------+----------+-------------------------------------------
     0 | D:1      | lnt the Minotaur Berserker began the quest for the Orb.
     0 | D:1      | Reached XP level 1. HP: 19/19 MP: 0/0
   315 | D:1      | Reached skill level 4 in Axes
   496 | D:1      | Reached XP level 2. HP: 20/26 MP: 1/1
  1375 | D:1      | Found a faded altar of an unknown god.
  1802 | D:2      | Reached skill level 5 in Axes
  1852 | D:2      | Reached XP level 3. HP: 31/31 MP: 2/2
  1963 | D:2      | Reached ** piety under Trog
  2759 | D:3      | Found an iron altar of Okawaru.
  2774 | D:3      | Reached skill level 6 in Axes
  2774 | D:3      | Reached XP level 4. HP: 39/39 MP: 3/3
  2832 | D:3      | Found a hazy altar of Hepliaklqana.
  2894 | D:3      | Found a radiant altar of Vehumet.
  3159 | D:3      | Reached XP level 5. HP: 41/45 MP: 4/4
  3212 | D:3      | Reached skill level 7 in Axes
  3532 | D:3      | Noticed a sky beast
  3548 | D:3      | Killed a sky beast
  3549 | D:3      | Reached skill level 8 in Axes
  3549 | D:3      | Reached XP level 6. HP: 23/51 MP: 5/5
  4138 | D:4      | Found a staircase to the Ecumenical Temple.
  4491 | D:4      | Reached *** piety under Trog
  4550 | D:5      | Entered Level 5 of the Dungeon
  4817 | D:5      | Reached skill level 9 in Axes
  4920 | D:5      | Found a blossoming altar of Fedhas.
  4924 | D:5      | Reached XP level 7. HP: 45/57 MP: 6/6
  5037 | D:5      | Noticed a two-headed ogre
  5045 | D:5      | Killed a two-headed ogre
  5046 | D:5      | Reached skill level 12 in Axes
  5046 | D:5      | Reached XP level 8. HP: 38/64 MP: 7/7
  5064 | D:5      | Slain by a gnoll sergeant

Illustrated notes

Levels and vault maps discovered:
D:1:      sevenhm_arrival_forest_fort_large_2, layout_loops_corners,
          shapermc_ecumenical_altar_mp_vishouse, minmay_lizard_pond
D:2:      layout_basic
D:3:      layout_loops_ring, amcnicky_altar_gilded, vehumet_altar_wand_db,
          nicolae_hepliaklqana_hazy_memory
D:4:      layout_basic, minmay_temple_entry_sparse_star
D:5:      layout_loops_ring, nicolae_tso_besieged_by_evil, tgw_trog,
          mainiacjoe_overflow_concentric_impassable, feat_on_display

Skill      XL: |  1  2  3  4  5  6  7 |
---------------+----------------------+-----
Axes           | 4 5 6 8 9 12 | 12.0
Fighting       | |  3.6
Armour         | |  2.4
Dodging        | |  2.1

Action                   |  1- 3 |  4- 6 |  7- 9 || total
-------------------------+-------+-------+-------++-------
Melee: Hand axe          |    96 |    78 |       ||   174
       Headbutt          |    14 |    14 |     2 ||    30
       War axe           |       |    30 |    18 ||    48
Invok: Berserk           |     1 |     1 |     1 ||     3
       Trog's Hand       |       |       |     1 ||     1
Armor: Animal skin       |    13 |       |       ||    13
       Ring mail         |    18 |    39 |     8 ||    65
Dodge: Dodged            |    59 |    51 |    14 ||   124
